 Dungeon Crawl Stone Soup version 0.19-a0-1908-g43c011f (webtiles) character file.

665 Jorund the Chopper (level 7, -8/44 (45) HPs)
             Began as an Octopode Skald on Oct 22, 2016.
             Was an Initiate of Uskayaw.
             Mangled by Prince Ribbit (11 damage)
             ... on level 5 of the Dungeon.
             The game lasted 00:11:48 (4337 turns).

Jorund the Chopper (Octopode Skald)                 Turns: 4337, Time: 00:11:48

HP:   -8/44 (45)    AC:  1    Str: 12    XL:     7   Next: 57%
MP:   6/12          EV: 12    Int: 16    God:    Uskayaw [......]
Gold: 173           SH:  6    Dex: 11    Spells: 2 memorised, 9 levels left

rFire  + . .     SeeInvis +     g - -3 war axe (curse)
rCold  + . .     Gourm    .     f - +2 buckler
rNeg   . . .     Faith    .     (helmet restricted)
rPois  +         Spirit   .     (no amulet)
rElec  +         Reflect  .     o - ring of see invisible
rCorr  +         Harm     .     (no ring)
MR     .....                    (no ring)
Stlth  ++........               (no ring)
                                (no ring)
                                (no ring)
                                (no ring)
                                (no ring)

@: resistant
A: almost no armour, stealthy swim, amphibious, 8 rings, constrict 8, camouflage
1, gelatinous body 1
a: Renounce Religion


You were on level 5 of the Dungeon.
You worshipped Uskayaw.
Uskayaw was noncommittal.
You were hungry.

You visited 2 branches of the dungeon, and saw 6 of its levels.

You collected 173 gold pieces.

Inventory:

Hand Weapons
 a - a +1 hand axe
 e - a +2 dagger of venom
 g - a cursed -3 war axe (weapon)
Missiles
 i - 13 bolts
 s - 6 tomahawks (quivered)
 u - 10 poisoned needles
Armour
 f - a +2 buckler (worn)
Jewellery
 o - a ring of see invisible (left tentacle)
Wands
 p - a wand of random effects (30/48)
Scrolls
 j - a scroll of recharging
Potions
 d - a potion of cancellation
 l - a potion of might
 q - 2 potions of lignification
Books
 b - a book of Battle

   Spells                             Type                      Level
   a - Infusion                       Charms                       1
   b - Shroud of Golubria             Charms/Translocation         2
   c - Song of Slaying                Charms                       2
   d - Spectral Weapon                Hexes/Charms                 3
   e - Regeneration                   Charms/Necromancy            3
Comestibles
 c - a bread ration
 h - a slice of pizza
 m - 4 fruits
 n - a meat ration


   Skills:
 - Level 2.0 Fighting
 + Level 5.8 Axes
 - Level 1.5 Dodging
 * Level 2.1 Shields
 + Level 3.3 Spellcasting
 + Level 5.1 Charms


You had 9 spell levels left.
You knew the following spells:

 Your Spells              Type           Power        Failure   Level  Hunger
a - Infusion              Chrm           ###.         2%          1    None
b - Song of Slaying       Chrm           ###.....     4%          2    ##.....


Dungeon Overview and Level Annotations

Branches:
Dungeon (5/15)             Temple (1/1) D:4

Altars:
Dithmenos
Gozag
Hepliaklqana
Makhleb
Okawaru
Uskayaw
Yredelemnul
The Shining One

Annotations:
D:2 1 runed door, Sigmund
D:5 Prince Ribbit


Innate Abilities, Weirdness & Mutations

You cannot wear most types of armour.
You are very stealthy in the water. (Stealth+)
You are amphibious.
You can wear up to eight rings at the same time.
You can use your tentacles to constrict eight enemies at once.
Your skin changes colour to match your surroundings (Stealth+).
Your rubbery body absorbs attacks. (AC +1, EV +1)


Message History

Aim: Prince Ribbit (moderately wounded)
Okay, then.
Unknown command.
Unknown command.
You stomp with the beat, sending a shockwave through the revelers around you!
You are feeling hungry.
You can no longer pass through a line of other dancers.
Prince Ribbit hits you!
* * * LOW HITPOINT WARNING * * *
You stomp with the beat, sending a shockwave through the revelers around you!
Prince Ribbit is heavily wounded.
You feel somewhat more hungry.
You can no longer stomp with the beat.
You block Prince Ribbit's attack.
Okay, then.
Okay, then.
Prince Ribbit hits you!
You die...

#......# .(....###
#......# .../......
####...... ##..##......
.......... #... #.......
.......#.##..# #.#.....
........_...##.##.#.....
.......#.#.....##.......
#...F...#...###......
####@####............
######.## ...###..##..
#.......#####......##..
#####.............###.##..
#......######...#..##.##[.
#...##..###...........##.>
#...###)#...#...#.........
#......(..................
#...###.......######..##..


You could see Prince Ribbit.

Vanquished Creatures
  Duvessa (D:4)
  A necrophage (D:5)
  A centaur (D:5)
  Dowan (D:4)
  A centaur zombie (D:4)
  A bullfrog skeleton (D:5)
  An iguana (D:4)
  An orc wizard (D:3)
  Ijyb (D:2)
  A worker ant (D:4)
  7 adders
  2 oozes (D:2)
  An adder zombie (D:5)
  2 adder skeletons
  3 worms (D:2)
  A dart slug (D:3)
  10 orcs
  4 giant cockroaches
  7 goblins
  10 hobgoblins
  7 jackals
  2 kobolds (D:1)
  3 quokkas
  A ball python (D:1)
  A ball python skeleton (D:4)
  13 bats
  A frilled lizard (D:2)
  A jackal skeleton (D:4)
  A leopard gecko skeleton (D:4)
  A leopard gecko zombie (D:5)
  6 rats
94 creatures vanquished.

Notes
Turn   | Place    | Note
-------+----------+-------------------------------------------
     0 | D:1      | Jorund the Octopode Skald began the quest for the Orb.
     0 | D:1      | Reached XP level 1. HP: 14/14 MP: 3/3
   223 | D:1      | Reached XP level 2. HP: 19/19 MP: 0/5
   803 | D:2      | Reached XP level 3. HP: 17/24 MP: 6/6
  1078 | D:2      | Noticed Ijyb
  1150 | D:2      | Killed Ijyb
  1150 | D:2      | Reached XP level 4. HP: 19/29 MP: 3/7
  1628 | D:2      | Noticed Sigmund
  1809 | D:2      | Found a runed door.
  2002 | D:3      | Reached XP level 5. HP: 18/34 MP: 4/8
  2008 | D:3      | Found a faded altar of an unknown god.
  2507 | D:4      | Noticed a phantom
  2633 | D:4      | Noticed Dowan
  2634 | D:4      | Noticed Duvessa
  2776 | D:4      | Reached XP level 6. HP: 31/39 MP: 5/10
  2780 | D:4      | Killed Duvessa
  3033 | D:4      | Learned a level 2 spell: Song of Slaying
  3655 | D:4      | Reached skill level 5 in Axes
  3703 | D:4      | Reached skill level 1 in Shields
  3723 | D:4      | Killed Dowan
  3723 | D:4      | Reached skill level 5 in Charms
  3723 | D:4      | Reached XP level 7. HP: 42/45 MP: 8/11
  3752 | D:4      | Found a staircase to the Ecumenical Temple.
  3869 | Temple   | Entered the Ecumenical Temple
  3896 | Temple   | Became a worshipper of Uskayaw the Reveler
  3931 | D:5      | Entered Level 5 of the Dungeon
  3970 | D:5      | Noticed Prince Ribbit
  3992 | D:5      | Reached * piety under Uskayaw
  4016 | D:5      | Reached ** piety under Uskayaw
  4017 | D:5      | HP: 1/45 [necrophage (5)]
  4022 | D:5      | HP: 2/44 [centaur (4)]
  4022 | D:5      | Reached *** piety under Uskayaw
  4026 | D:5      | Reached **** piety under Uskayaw
  4321 | D:5      | Found an iron altar of Okawaru.
  4337 | D:5      | Mangled by Prince Ribbit

Vault maps used:
D:1:      dpeg_arrival_water_fire
D:2:      uniq_crazy_yiuf_cottage, uniq_iyjb, uniq_sigmund
D:3:      ecumenical_altar_2
D:4:      uniq_duvessa
D:5:      lemuel_crystal_altar, kiku_gazebo_garden_becter,
          chequers_temple_overflow_minitemple, amethyst_overflow_temple_binary,
          first_bread, minmay_misc_feat_four_crosses, lexackson_kobold_supper,
          uniq_prince_ribbit1
Temple:   nicolae_temple_elliptical

Skill      XL: |  1  2  3  4  5  6  7 |
---------------+----------------------+-----
Charms         | 4 5 |  5.1
Axes           | 3 4 5 |  5.8
Spellcasting   | 3 |  3.3
Shields        | 1 2 |  2.1
Fighting       | |  2.0
Dodging        | |  1.5

Action                   |  1- 3 |  4- 6 |  7- 9 || total
-------------------------+-------+-------+-------++-------
Melee: Hand axe          |    65 |   102 |       ||   167
       Constrict         |    17 |    34 |     5 ||    56
       Tentacles         |     9 |    22 |     4 ||    35
       War axe           |       |    26 |    25 ||    51
Throw: Tomahawk          |       |     6 |     2 ||     8
 Cast: Infusion          |     8 |    13 |     2 ||    23
       Song of Slaying   |       |       |     1 ||     1
Invok: Stomp             |       |       |     2 ||     2
Evoke: Wand              |       |       |     1 ||     1
  Use: Scroll            |       |     9 |     1 ||    10
       Potion            |       |     2 |     3 ||     5
 Stab: Sleeping          |     2 |     7 |       ||     9
       Paralysed         |       |       |     1 ||     1
  Eat: Chunk             |     1 |     8 |     2 ||    11
Armor: Skin              |     8 |    11 |       ||    19
Dodge: Dodged            |    52 |   103 |    17 ||   172
Block: Buckler           |       |     8 |    13 ||    21
